 Dungeon Crawl Stone Soup version 0.20-a0-638-gd210ae2 (webtiles) character file.

778 Laan the Conjurer (level 7, -2/36 HPs)
             Began as a Deep Elf Fire Elementalist on Feb 12, 2017.
             Slain by a centaur (6 damage)
             ... on level 5 of the Dungeon.
             The game lasted 00:16:04 (4854 turns).

Laan the Conjurer (Deep Elf Fire Elementalist)      Turns: 4854, Time: 00:16:05

Health: -2/36      AC:  3    Str:  5    XL:     7   Next: 54%
Magic:  18/18      EV: 13    Int: 22    God:
Gold:   206        SH:  0    Dex: 15    Spells: 5/18 levels left

rFire    . . .     SeeInvis .   l - +2 halberd (chop)
rCold    . . .     Gourm    .   a - +0 robe
rNeg     . . .     Faith    .   (shield currently unavailable)
rPois    .         Spirit   .   (no helmet)
rElec    .         Reflect  .   (no cloak)
rCorr    .         Harm     .   i - +0 pair of gloves
MR       .....                  (no boots)
Stlth    ++........             (no amulet)
Regen    0.2/turn               (no ring)
                                (no ring)

@: no status effects
A: no striking features
a: no special abilities


You were on level 5 of the Dungeon.
You were hungry.

You visited 1 branch of the dungeon, and saw 5 of its levels.
You also visited: Ossuary.

You collected 206 gold pieces.

Inventory:

Hand Weapons
 l - a +2 halberd of chopping (weapon)
 o - a +2 short sword of venom
Armour
 a - a +0 robe (worn)
 i - a +0 pair of gloves (worn)
 v - a +2 buckler of cold resistance
Wands
 s - a wand of flame (30/48)
Scrolls
 d - 9 scrolls of identify {unknown}
 g - 3 scrolls of blinking {unknown}
 j - a scroll of enchant weapon {unknown}
 m - 4 scrolls of teleportation {unknown}
 p - a scroll of remove curse {unknown}
 t - a scroll of enchant armour {unknown}
 w - 2 scrolls of recharging {unknown}
 x - a scroll of fog {unknown}
 y - a scroll of noise {unknown}
 B - a scroll of immolation {unknown}
 C - a scroll of magic mapping {unknown}
 F - a scroll of brand weapon {unknown}
 G - 2 scrolls of amnesia {unknown}
Potions
 e - 2 potions of mutation {unknown}
 h - 3 potions of curing {unknown}
 n - a potion of cancellation {unknown}
 q - a potion of brilliance {unknown}
 u - a potion of might {unknown}
 z - 2 potions of flight {unknown}
 A - 2 potions of haste {unknown}
 D - a potion of heal wounds {unknown}
 E - a potion of resistance {unknown}
 H - a potion of berserk rage {unknown}
Books
 b - a book of Flames

   Spells                             Type                      Level
   a - Flame Tongue                   Conjuration/Fire             1
   b - Throw Flame                    Conjuration/Fire             2
   c - Conjure Flame                  Conjuration/Fire             3
   d - Inner Flame                    Hexes/Fire                   3
   e - Sticky Flame                   Conjuration/Fire             4
   f - Fireball                       Conjuration/Fire             5
Comestibles
 c - 3 bread rations
 f - 2 meat rations
 r - a royal jelly


   Skills:
 - Level 2.4 Dodging
 - Level 2.4 Stealth
 + Level 6.1 Spellcasting
 * Level 6.4 Conjurations
 + Level 5.9 Fire Magic


You had 5 spell levels left.
You knew the following spells:

 Your Spells              Type           Power        Failure   Level  Hunger
a - Flame Tongue          Conj/Fire      ####.        1%          1    None
b - Sticky Flame          Conj/Fire      ####....     10%         4    ###....
c - Conjure Flame         Conj/Fire      ####....     1%          3    #......
d - Fireball              Conj/Fire      ####......   21%         5    #####..


Dungeon Overview and Level Annotations

Branches:
Dungeon (5/15)
 Temple: D:4-7

Altars:

Shops:
D:4 [


Message History

An orc priest comes into view. It is wielding a falchion.
An iguana and an orc come into view.
The centaur wields a shortbow.
The centaur shoots an arrow.
The arrow barely misses you.
An ogre comes into view. It is wielding a giant spiked club.
The iguana hisses angrily.
The centaur shoots an arrow.
The arrow hits you!
The orc shouts!
You see here an arrow.
The centaur shoots an arrow.
The arrow hits you!
* * * LOW HITPOINT WARNING * * *
The centaur shoots an arrow.
The arrow hits you.
* * * LOW HITPOINT WARNING * * *
The orc priest moves out of view.
Found 17 stones.
An orc comes into view. It is wielding a flail.
You see here an arrow.
The centaur unwields an uncursed shortbow.
The centaur hits you.
You die...

.................
..#.....###...###
#....##..(......#
..... ##........###.
..#...###...........
.### ...#.......##.o
.#.....(.......
#.......(!..o...
###..##.@#.#....
........c......
###.#..#.#......
#.#....##.lO..
......# .....
#.##.... .... #..
.... .(. .. #....
##.


You could see an ogre, a centaur, an iguana and 2 orcs.

Vanquished Creatures
  A black bear (D:4)
  A phantom (D:4)
  An ogre (D:4)
  A bullfrog (D:4)
  A howler monkey (D:4)
  A crimson imp (D:4)
  An orc wizard (D:4)
  An iguana (D:4)
  Ijyb (D:3)
  4 mummies
  6 gnolls
  7 adders
  3 oozes
  An adder zombie (Ossuary)
  2 dart slugs
  4 leopard geckos
  9 orcs
  3 giant cockroaches
  A gnoll zombie (Ossuary)
  9 hobgoblins
  16 jackals
  A quokka (D:3)
  6 bats
  4 frilled lizards
  2 goblin zombies (Ossuary)
  5 hobgoblin zombies (Ossuary)
  2 kobolds
  A leopard gecko skeleton (D:5)
  5 quokka zombies (Ossuary)
  5 rats
  4 rat zombies (Ossuary)
109 creatures vanquished.

Notes
Turn   | Place    | Note
-------+----------+-------------------------------------------
     0 | D:1      | Laan the Deep Elf Fire Elementalist began the quest for the Orb.
     0 | D:1      | Reached XP level 1. HP: 10/10 MP: 6/6
   220 | D:1      | Reached XP level 2. HP: 15/15 MP: 5/8
   689 | D:1      | Reached XP level 3. HP: 19/19 MP: 3/9
  1711 | D:2      | Reached XP level 4. HP: 24/24 MP: 6/11
  1931 | D:3      | Noticed Ijyb
  1934 | D:3      | Killed Ijyb
  2108 | D:3      | Reached XP level 5. HP: 28/28 MP: 11/13
  3189 | D:4      | Reached XP level 6. HP: 22/32 MP: 10/15
  3303 | D:4      | Found a sand-covered staircase.
  3310 | D:4      | Reached skill level 5 in Spellcasting
  3316 | D:4      | Reached skill level 5 in Conjurations
  3316 | D:4      | Reached skill level 5 in Fire Magic
  3328 | Ossuary  | Entered an ossuary
  3542 | Ossuary  | Learned a level 4 spell: Sticky Flame
  3546 | Ossuary  | Learned a level 3 spell: Conjure Flame
  3552 | Ossuary  | Learned a level 5 spell: Fireball
  3810 | D:4      | Found Kaperr's Armour Boutique.
  3893 | D:4      | Reached XP level 7. HP: 36/36 MP: 9/17
  4639 | D:5      | Entered Level 5 of the Dungeon
  4854 | D:5      | Slain by a centaur

Vault maps used:
D:1:      shiori_arrival_maze
D:3:      first_bread, roderic_cross_of_infinity, uniq_iyjb
D:4:      gup_ossuary_entry_pyramid, serial_shops, nicolae_shop_window_shopping,
          grunt_decor_mini_mirrors
D:5:      minmay_temple_entry_glassed_door, uniq_eustachio, uniq_menkaure,
          uniq_prince_ribbit1
Ossuary:  ossuary_minmay_chase

Skill      XL: |  1  2  3  4  5  6  7 |
---------------+----------------------+-----
Conjurations   | 2 3 4 5 6 |  6.4
Spellcasting   | 4 5 6 |  6.1
Fire Magic     | 4 5 |  5.9
Dodging        | |  2.4
Stealth        | |  2.4

Action                   |  1- 3 |  4- 6 |  7- 9 || total
-------------------------+-------+-------+-------++-------
Melee: Halberd           |       |     8 |    28 ||    36
 Cast: Flame Tongue      |    71 |   145 |    26 ||   242
       Sticky Flame      |       |     1 |     1 ||     2
  Eat: Chunk             |     2 |     5 |       ||     7
       Fruit             |       |       |     5 ||     5
Armor: Robe              |     5 |     7 |     4 ||    16
Dodge: Dodged            |    25 |    34 |    17 ||    76
